 Dungeon Crawl Stone Soup version 0.30-a0-967-g9b59a09336 (console) character file.

Game seed: 3334944835535964035

228 Banquo the Ruffian (level 6, -2/46 HPs)
             Began as a Djinni Fighter on Mar 31, 2023.
             Splashed by a jelly's acid (6 damage)
             ... on level 5 of the Dungeon.
             The game lasted 00:09:09 (4468 turns).

Banquo the Ruffian (Djinni Fighter)                 Turns: 4468, Time: 00:09:09

Health: -2/46      AC: -6    Str: 15    XL:     6   Next: 22%
Gold:   223        EV:  9    Int: 11    God:
                   SH:  5    Dex: 13

rFire   + + .      SeeInvis +      - Unarmed
rCold   x . .      Faith    .    b - +0 buckler
rNeg    . . .      Spirit   .    a - +0 scale mail
rPois   ∞          Reflect  .    h - +1 helmet {SInv}
rElec   .          Rampage  .    (no cloak)
rCorr   .                        (no gloves)
Will    .....                    (boots unavailable) Stlth
                                 (no amulet)
HPRegen 0.27/turn                (no ring)
MPRegen 0.00/turn                (no ring)

@: corroded, flying
A: sickness immunity, fire resistance 2, cold vulnerability 1, float, innate
caster, HP casting, extra vitality 1
a: no special abilities


You were on level 5 of the Dungeon.
You visited 2 branches of the dungeon, and saw 6 of its levels.

You collected 223 gold pieces.

Inventory:

Hand Weapons
 x - a +0 mace of holy wrath
Missiles
 d - 5 boomerangs (quivered)
Armour
 a - a +0 scale mail (worn)
 b - a +0 buckler (worn)
 h - a +1 helmet of see invisible (worn)
 v - a +2 helmet
Magical Staves
 k - a staff of death
Wands
 t - a wand of paralysis (2)
Scrolls
 e - 4 scrolls of identify {unknown}
 j - a scroll of teleportation {unknown}
 m - a scroll of noise {unknown}
 p - a scroll of fear {unknown}
 w - 4 scrolls of brand weapon {unknown}
 y - a scroll of magic mapping {unknown}
 z - a scroll of silence {unknown}
Potions
 c - a potion of might
 f - 2 potions of cancellation {unknown}
 g - 6 potions of heal wounds {unknown}
 i - 2 potions of haste {unknown}
 l - a potion of berserk rage {unknown}
 n - 2 potions of degeneration {unknown}
 o - 4 potions of curing {unknown}
 q - a potion of resistance {unknown}
 r - 2 potions of ambrosia {unknown}
 s - a potion of mutation {unknown}
 u - a potion of brilliance {unknown}


   Skills:
 + Level 3.1 Fighting
 * Level 3.7 Armour
 + Level 1.1 Dodging
 * Level 3.6 Shields
 * Level 4.6 Unarmed Combat
 * Level 0.8 Spellcasting


You knew the following spells:

 Your Spells              Type           Power      Damage    Failure   Level
a - Beastly Appendage     Tmut           4%         N/A       75%         1
b - Passwall              Tmut/Erth      1%         N/A       86%         2
Your spell library was empty.

Dungeon Overview and Level Annotations

Branches:
Dungeon (5/15)             Temple (1/1) D:4

Altars:
Ashenzari
Gozag
Makhleb
Nemelex Xobeh
Ru
Yredelemnul
Zin
The Shining One

Annotations:
D:3 1 runed translucent door, Crazy Yiuf, Grinder


Innate Abilities, Weirdness & Mutations

You are immune to sickness and miasma.
You are immune to poison.
Your flesh is very heat resistant. (rF++)
You are vulnerable to cold. (rC-)
You float through the air rather than walking.
You learn spells naturally, not from books.
Your magical power is your life essence.
You have superior vitality. (+4 MHP)


Message History

Found 8 stones.
You see here 8 stones.
You see here 8 stones.
r - 2 cyan potions (gained 1)
Found a ring mail.
You see here a +0 ring mail.
A jelly comes into view.
Found 2 coppery potions.
You hit the jelly.
Your hands burn!
The jelly is moderately wounded.
The jelly hits you but does no damage.
You hit the jelly.
Your hands burn!
The jelly is moderately wounded.
The jelly hits you.
You are splashed with acid!
You hit the jelly. The acid corrodes you!
Your hands burn!
The jelly is moderately wounded.
The jelly barely misses you.
You hit the jelly but do no damage.
Your hands burn!
The jelly is moderately wounded.
The jelly closely misses you.
You hit the jelly. The acid corrodes you!
Your hands burn!
The jelly is severely wounded.
The jelly completely misses you.
You are too injured to fight recklessly!
You are too injured to fight recklessly!
You are too injured to fight recklessly!
You are too injured to fight recklessly!
You hit the jelly but do no damage. The acid corrodes you!
Your hands burn!
The jelly is severely wounded.
The jelly hits you. The acid corrodes you!
You are splashed with acid!
* * * LOW HITPOINT WARNING * * *
You hit the jelly.
Your hands burn!
* * * LOW HITPOINT WARNING * * *
The jelly is almost dead.
The jelly barely misses you.
Unknown command.
The jelly attacks as you move away! The jelly hits you.
* * * LOW HITPOINT WARNING * * *
You are splashed with acid.
You die...

#<....## ##... ....... ##...##
. ....#....# ##.## .#
###.#.#.# #.####.# #.....#
##......# #.#.#......#
#.......# .#.######## #
#..####.# ###.#.# .# #..#
......#J# #########.###
#..##### ##..##@#
#............
#......####..##.#
##.###.....###
#..###.......##.###...##.....#
#.......>....##....###.......#
#.#########..####.## ##......#
#.# #.......# #......# #.#
#(#####.## ##.####.#
#.#########.# ##.###.#####.#
#...........# ##...[......#


You could see a jelly.

Vanquished Creatures
  A sleepcap (D:4)
  Robin (D:2)
  3 gnolls
  5 adders
  2 worms (D:2)
  6 dart slugs
  An orc (D:4)
  7 ball pythons
  8 endoplasms
  8 giant cockroaches
  13 goblins
  8 hobgoblins
  2 jackals (D:1)
  8 kobolds
  3 quokkas
  6 bats
  3 frilled lizards
  8 rats
93 creatures vanquished.

Notes
Turn   | Place    | Note
-------+----------+-------------------------------------------
     0 | D:1      | Banquo the Djinni Fighter began the quest for the Orb.
     0 | D:1      | Reached XP level 1. HP: 20/20 MP: 0/0
   115 | D:1      | Reached XP level 2. HP: 19/25 MP: 0/0
   486 | D:1      | Reached XP level 3. HP: 29/30 MP: 0/0
   486 | D:1      | Learned a level 1 spell: Beastly Appendage
   638 | D:1      | Found a faded altar of an unknown god.
  1058 | D:2      | Reached XP level 4. HP: 34/35 MP: 0/0
  1109 | D:2      | Reached skill level 3 in Unarmed Combat
  1765 | D:2      | Reached XP level 5. HP: 27/40 MP: 0/0
  1765 | D:2      | Learned a level 2 spell: Passwall
  1926 | D:2      | Noticed Robin
  1989 | D:2      | Killed Robin
  2378 | D:3      | Found a sparkling altar of Nemelex Xobeh.
  2495 | D:3      | Found a glowing golden altar of the Shining One.
  2708 | D:3      | Noticed Grinder
  2835 | D:3      | Found a runed translucent door.
  2836 | D:3      | Noticed Crazy Yiuf
  3054 | D:3      | Reached skill level 4 in Unarmed Combat
  3376 | D:4      | Found a staircase to the Ecumenical Temple.
  3399 | Temple   | Entered the Ecumenical Temple
  3399 | Temple   | Found a transporter.
  3399 | Temple   | Found a transporter.
  3401 | Temple   | Found a transporter.
  3401 | Temple   | Found a transporter.
  3648 | D:4      | Reached XP level 6. HP: 37/46 MP: 0/0
  4084 | D:5      | Entered Level 5 of the Dungeon
  4331 | D:5      | Reached skill level 1 in Dodging
  4468 | D:5      | Splashed by a jelly's acid

Illustrated notes

Levels and vault maps discovered:
D:1:      dpeg_arrival_ternary, layout_basic, basic_ecumenical_altar,
          serial_rivers, chequers_serial_rivers_room_a,
          chequers_serial_rivers_room_b, chequers_serial_rivers_room_b,
          chequers_serial_rivers_micro_d, chequers_serial_rivers_room_b,
          chequers_serial_rivers_micro_a
D:2:      layout_basic, minmay_worlds_worst_comb, uniq_robin
D:3:      layout_loops_ring, tso_metal_star, nemelex_diamond_rough_becter,
          lemuel_coloured_pillars_altar, uniq_grinder, uniq_crazy_yiuf_cottage
D:4:      layout_layer_cave, mainiacjoe_overflow_alcove_2,
          minmay_temple_entry_slanted, chequers_serial_rivers_small_3
D:5:      layout_loops_ring, uniq_eustachio
Temple:   hellmonk_temple_divided_pantheon

Skill      XL: |  1  2  3  4  5  6 |
---------------+-------------------+-----
Unarmed Combat | 3 4 |  4.6
Dodging        | 1 |  1.1
Fighting       | |  3.1
Armour         | |  3.7
Shields        | |  3.6
Spellcasting   | |  0.8

Action                     |  1- 3 |  4- 6 || total
---------------------------+-------+-------++-------
  Melee: Unarmed           |   178 |   276 ||   454
 Armour: Scale mail        |    79 |    99 ||   178
  Dodge: Dodged            |    52 |    85 ||   137
  Block: Buckler           |    24 |    41 ||    65

Table legend: (Time is in decaauts)
 A = Elapsed time spent in this place.
 B = Non-inter-level travel time spent in this place.
 C = Inter-level travel time spent in this place.
 D = Time resting spent in this place.
 E = Time spent auto-exploring this place.
 F = Levels seen in this place.
 G = Mean time per level.
                   A        B        C        D        E       F      G
               +--------+--------+--------+--------+--------+-----+--------+
         Total |   4464 |   4114 |    350 |    137 |   3012 |   6 |  744.0 |
       Dungeon |   4422 |   4072 |    350 |    137 |   3012 |   5 |  884.4 |
        Temple |     41 |     41 |      0 |      0 |      0 |   1 |   41.0 |
               +--------+--------+--------+--------+--------+-----+--------+

Top non-repeatable levels by time:
     D:2: 1453 daAuts
     D:1: 985 daAuts
     D:3: 916 daAuts
     D:4: 860 daAuts
     D:5: 208 daAuts
  Temple: 41 daAuts
